Map: [EWC] Alcyone

Players

Oliveira

  • Race: Terran Terran
  • Spawn Location: 7:00

GuMiho - Winner!

  • Race: Terran Terran
  • Spawn Location: 1:00

Event: Esports World Cup 2024

VOD

Have the link to the VOD?

Description

Time

  • Played on: Aug. 15, 2024, 10:23 a.m.
  • Length: 7:25

All games in this series

Show
View Real Time Build Order
Export as new Build Order

Oliveira Terran 

Build Orders: Cyclone Opening 

Get SALT Encoding   

  12  0:00  SCV  
  13  0:12  SCV  
  14  0:17  Supply Depot  
  14  0:24  SCV  
  15  0:39  SCV  
  15  0:40  Barracks  
  16  0:44  Refinery  
  16  0:51  SCV  
  16  0:54  Refinery  
  17  1:03  SCV  
  18  1:15  SCV  
  19  1:27  Orbital Command, Reaper  
  19  1:32  Supply Depot  
  20  1:42  Factory  
  20  1:53  SCV  
  21  1:59  Marine  
  22  2:05  SCV  
  23  2:15  Command Center  
  23  2:17  SCV  
  24  2:26  Cyclone  
  26  2:31  Starport  
  26  2:35  SCV  
  27  2:43  Supply Depot  
  27  2:44  Barracks Reactor  
  27  2:47  SCV  
  28  2:58  Cyclone  
  29  2:59  SCV  
  30  3:10  Medivac  
  30  3:11  SCV  
  33  3:20  Marine  
  33  3:21  Marine  
  33  3:24  SCV  
  35  3:29  Barracks  
  35  3:31  Factory Tech Lab  
  35  3:36  Orbital Command, SCV  
  35  3:39  Marine  
  40  3:50  Siege Tank  
  41  3:55  SCV  
  41  3:56  Marine  
  41  3:57  Marine  
  43  4:03  Liberator  
  43  4:07  SCV  
  43  4:09  Supply Depot  
  47  4:10  SCV  
  48  4:18  Barracks Tech Lab  
  48  4:20  SCV, Marine x2, Refinery  
  48  4:22  SCV  
  52  4:32  SCV  
  52  4:34  Supply Depot, SCV  
  52  4:37  Marine  
  52  4:38  Marine  
  59  4:39  Stimpack  
  59  4:41  Marine  
  59  4:44  SCV  
  57  4:48  SCV  
  57  4:52  Starport Reactor  
  55  4:55  Marine  
  55  4:56  Marine  
  55  4:57  SCV  
  55  5:00  SCV  
  56  5:09  SCV  
  56  5:11  Command Center  
  57  5:15  Siege Tank  
  57  5:17  SCV  
  57  5:19  Supply Depot  
  61  5:22  Marine  
  61  5:24  SCV  
  63  5:29  Medivac  
  63  5:30  Medivac  
  63  5:32  SCV  
  63  5:33  Marine  
  69  5:36  Marine  
  69  5:41  SCV, Marine  
  72  5:44  SCV  
  72  5:49  Siege Tank  
  76  5:53  SCV  
  76  5:54  Supply Depot  
  78  6:04  SCV  
  78  6:05  Barracks  
  78  6:07  Engineering Bay  
  78  6:08  Engineering Bay  
  78  6:11  Starport Reactor  
  78  6:15  Marine  
  78  6:16  SCV x2  
  81  6:22  Refinery  
  81  6:25  Orbital Command  
  81  6:28  SCV  
  81  6:29  SCV, Marine  
  80  6:38  Marine  
  80  6:39  Marine  
  69  6:40  SCV  
  69  6:41  Siege Tank  
  69  6:42  SCV  
  71  6:48  Marine  
  71  6:52  SCV  
  71  6:54  Marine  
  73  6:56  Marine x2  
  72  7:01  Marine  
  72  7:04  SCV x2  
  72  7:06  Marine  
Show
View Real Time Build Order
Export as new Build Order

GuMiho Terran - Winner!

Build Orders: Cyclone Opening, Mech 

Get SALT Encoding   

  12  0:00  SCV  
  13  0:12  SCV  
  14  0:17  Supply Depot  
  14  0:24  SCV  
  15  0:39  SCV, Barracks  
  16  0:43  Refinery  
  16  0:51  SCV  
  16  0:52  Refinery  
  17  1:03  SCV  
  18  1:15  SCV  
  19  1:26  Reaper  
  19  1:27  Orbital Command  
  19  1:31  Supply Depot  
  20  1:40  Factory  
  20  1:52  SCV  
  21  1:58  Reaper  
  22  2:04  SCV  
  23  2:15  Command Center  
  23  2:17  SCV  
  24  2:23  Cyclone  
  24  2:29  SCV  
  27  2:37  Starport  
  27  2:41  SCV  
  27  2:43  Supply Depot  
  28  2:46  Barracks Tech Lab  
  28  2:53  SCV  
  28  2:57  Cyclone  
  31  3:05  SCV  
  32  3:18  SCV  
  32  3:19  Banshee  
  36  3:27  Orbital Command  
  36  3:29  Cyclone  
  36  3:30  SCV  
  39  3:38  Barracks Reactor  
  39  3:42  SCV  
  40  3:51  Command Center  
  40  3:54  SCV x2  
  41  4:04  Refinery  
  41  4:07  SCV, Refinery  
  42  4:11  SCV  
  43  4:19  Siege Tank  
  43  4:20  SCV  
  43  4:23  SCV  
  48  4:30  Viking x2  
  52  4:32  SCV  
  52  4:35  SCV  
  53  4:38  Factory  
  53  4:39  Barracks Tech Lab  
  53  4:44  SCV  
  54  5:02  SCV, Siege Tank  
  54  5:05  SCV  
  61  5:07  Orbital Command  
  58  5:14  SCV  
  58  5:17  Viking x2  
  58  5:18  SCV  
  62  5:21  Engineering Bay  
  62  5:23  Barracks Reactor  
  62  5:25  Factory  
  62  5:26  SCV  
  62  5:28  Supply Depot  
  63  5:31  Siege Tank  
  63  5:33  SCV x2  
  68  5:36  Supply Depot  
  68  5:38  SCV  
  68  5:42  Siege Tank  
  72  5:45  SCV x2  
  74  5:50  SCV  
  74  5:55  Missile Turret  
  74  5:56  Viking  
  77  5:58  Missile Turret  
  77  5:59  Viking  
  77  6:03  SCV  
  77  6:04  SCV  
  81  6:08  Siege Tank  
  84  6:16  SCV x2  
  84  6:17  Supply Depot  
  86  6:20  Siege Tank  
  86  6:24  Hellion x2  
  82  6:40  Siege Tank, SCV x2  
  82  6:41  Viking  
  89  6:48  Command Center  
  89  6:52  SCV x2  
Tags
 
Add a new tag
Caveats
  • Supply blocks, unpowered buildings, or Contaminate may cause inaccurate times.
  • Supply counts are checked every 10 seconds.